 Dungeon Crawl Stone Soup version 0.19-a0-1057-g15bb84d (webtiles) character file.

95098 nubinia the Stormcaller (level 16, -23/89 HPs)
             Began as a Tengu Air Elementalist on Aug 1, 2016.
             Was a High Priest of Vehumet.
             Annihilated by an alligator snapping turtle (35 damage)
             ... on level 2 of the Shoals on Aug 2, 2016.
             The game lasted 03:40:41 (28800 turns).

nubinia the Stormcaller (Tengu Air Elementalist)   Turns: 28800, Time: 03:40:42

Health: -23/89     AC: 16    Str: 11    XL:     16   Next: 13%
Magic:  11/35      EV: 33    Int: 28    God:    Vehumet [*****.]
Gold:   881        SH: 12    Dex: 27    Spells: 12 memorised, 2 levels left

rFire  . . .     SeeInvis .     a - +11 trident "Goblinslayer" {pierce, rElec rPois rC+ Dex+9}
rCold  + . .     Gourm    +     j - +0 robe
rNeg   + . .     Faith    .     T - +1 shield {rN+}
rPois  +         Spirit   .     p - +1 hat of a volcano {Int+7}
rElec  +         Dismiss  .     Q - +1 cloak
rCorr  .         Reflect  .     U - +0 pair of gloves
SustAt .         Harm     .     (boots unavailable)
MR     ++...                    g - amulet of the gourmand
Stlth  ++++......               t - +6 ring of evasion
                                c - +5 ring of dexterity

@: icy armour, flying quickly and evasively, deflect missiles, very resistant to
hostile enchantments, stealthy
A: beak, talons 3, rough black scales 1, blink, magic resistance 1, able to fly
2
a: Stop Flying, Blink, Renounce Religion


You were on level 2 of the Shoals.
You worshipped Vehumet.
Vehumet was extremely pleased with you.
You were not hungry.

You visited 4 branches of the dungeon, and saw 19 of its levels.

You collected 1952 gold pieces.
You spent 1071 gold pieces at shops.

Inventory:

Hand Weapons
 a - the +11 trident "Goblinslayer" (weapon) {pierce, rElec rPois rC+ Dex+9}
   (You found it on level 1 of the Lair of Beasts)

   It inflicts extra damage upon your enemies.
   It affects your dexterity (+9).
   It protects you from cold.
   It insulates you from electricity.
   It protects you from poison.
 o - the +5 falchion "Ytele" {slice, MR+ Int+3 Dex-5 Stlth+}
   (You bought it in a shop on level 2 of the Orcish Mines)

   It inflicts extra damage upon your enemies.
   It affects your intelligence (+3).
   It affects your dexterity (-5).
   It affects your resistance to hostile enchantments.
   It makes you more stealthy.
 E - a +0 trident of protection
 I - the +3 halberd of Valour {venom, rElec MR+}
   (You found it on level 9 of the Dungeon)

   It poisons the flesh of those it strikes.
   It insulates you from electricity.
   It affects your resistance to hostile enchantments.
 X - a +7 short sword of protection
Armour
 j - a +0 robe (worn)
 p - the +1 hat of a volcano (worn) {Int+7}
   (You found it on level 3 of the Lair of Beasts)

   It affects your intelligence (+7).
 Q - a +1 cloak (worn)
 T - a +1 shield of positive energy (worn)
 U - a +0 pair of gloves (worn)
Magical Staves
 b - an uncursed staff of conjuration
Jewellery
 c - a +5 ring of dexterity (left hand)
 e - an uncursed ring of protection from magic
 f - a +4 ring of protection
 g - an amulet of the gourmand (around neck)
 r - an uncursed amulet of magic regeneration
 t - a +6 ring of evasion (right hand)
 v - an uncursed amulet of harm {unknown}
 w - a +5 ring of intelligence
 G - an uncursed ring of protection from fire
 S - a +3 ring of protection
 V - an uncursed ring of fire
 Z - an uncursed ring of protection from magic
Wands
 y - a wand of digging (23/24)
 C - a wand of hasting (3/9)
 J - a wand of flame (21/48)
 R - a wand of lightning (0/15)
Scrolls
 l - 4 scrolls of recharging
 m - 2 scrolls of teleportation
 n - a scroll of blinking
 q - 4 scrolls of fear
 s - 8 scrolls of remove curse
 x - 3 scrolls of amnesia
 N - 2 scrolls of enchant armour
 P - 3 scrolls of magic mapping
 Y - a scroll of summoning
Potions
 h - a potion of ambrosia
 i - 6 potions of brilliance
 u - 9 potions of curing
 z - 4 potions of heal wounds
 A - 3 potions of magic
 D - a potion of invisibility
 H - a potion of might
 K - a potion of agility
 L - a potion of resistance
 M - a potion of cure mutation {unknown}
 W - a potion of cancellation {unknown}
Miscellaneous
 B - a phantom mirror
 F - a sack of spiders
Comestibles
 k - 55 fruits


   Skills:
 + Level 6.2 Fighting
 + Level 2.5 Short Blades
 + Level 7.4 Polearms
 + Level 10.3 Dodging
 + Level 6.5 Stealth
 * Level 7.7 Shields
 + Level 14.0 Spellcasting
 + Level 10.3 Conjurations
 + Level 3.9 Charms
 + Level 1.6 Translocations
 + Level 4.1 Fire Magic
 + Level 3.7 Ice Magic
 + Level 17.3 Air Magic
 + Level 0.4 Evocations


You had 2 spell levels left.
You knew the following spells:

 Your Spells              Type           Power        Failure   Level  Hunger
a - Shock                 Conj/Air       ####         1%          1    None
b - Airstrike             Air            #######...   1%          4    None
c - Searing Ray           Conj           ######       1%          2    None
d - Conjure Flame         Conj/Fire      ######..     1%          3    None
e - Static Discharge      Conj/Air       #######.     1%          3    None
f - Force Lance           Conj/Tloc      ######..     1%          4    None
g - Lightning Bolt        Conj/Air       #######...   1%          5    #......
h - Conjure Ball Lightni  Conj/Air       #######...   1%          6    ####...
i - Deflect Missiles      Chrm/Air       ######....   14%         6    ####...
o - Ozocubu's Armour      Chrm/Ice       #####...     6%          3    None
r - Repel Missiles        Chrm/Air       ######       1%          2    None
s - Swiftness             Chrm/Air       ######..     1%          2    None


Dungeon Overview and Level Annotations

Branches:
Dungeon (9/15)             Temple (0/1) D:7            Lair (6/6) D:9
 Shoals (2/4) Lair:4       Spider (0/4) Lair:4        Slime (0/5) Lair:5
    Orc (2/2) D:9             Elf (0/3) Orc:2

Altars:
Ashenzari
Cheibriados
Fedhas
Gozag
Hepliaklqana
Kikubaaqudgha
Okawaru
Pakellas
Qazlal
Vehumet
Beogh
Jiyva

Shops:
D:4 :!*:?   D:6 ?   D:7 ?   Orc:1 %   Orc:2 }*:}

Annotations:
Shoals:2 Polyphemus


Innate Abilities, Weirdness & Mutations

You have a beak for a mouth.
You have claws for feet.
You can fly continuously.
You are partially covered in rough black scales. (AC +2, Dex -1)
You can translocate small distances at will.
You are resistant to hostile enchantments. (MR+)


Message History

The merfolk avatar chants a haunting song.
You are mesmerised by the merfolk avatar!
Okay, then.
Evoke which item? (* to show all) (? for menu, Esc to quit)
Okay, then.
Casting: Conjure Ball Lightning
Confirm with . or Enter, or press ? or * to list all spells.
Aiming: Lightning Bolt
Press: ? - help, Shift-Dir - straight line, f/p - alligator snapping turtle
Aim: an alligator snapping turtle (moderately wounded)
You hear a mighty clap of thunder!
The bolt of lightning hits the alligator snapping turtle.
The alligator snapping turtle is heavily wounded.
Jolted by the loud noise, you snap out of your trance!
You break out of your daze!
Something shouts, "Attack, my pets!
Attack!"
The alligator snapping turtle bites you from afar!!
* * * LOW HITPOINT WARNING * * *
The alligator snapping turtle bites you from afar!!
You die...

≈≈≈≈≈≈.P≈≈≈.....###.[≈≈≈≈≈≈≈≈≈≈≈≈
≈≈≈≈≈≈≈P..≈.≈≈≈.....≈≈≈≈≈≈≈≈(≈≈≈≈
≈≈≈≈≈≈≈..≈≈≈..≈......≈)≈≈≈≈†≈≈≈≈≈
≈≈≈≈≈≈≈...≈...≈.......≈≈≈≈≈(≈....
..≈≈≈≈≈≈.........≈≈≈≈≈≈≈≈≈≈≈.....
..≈≈≈≈≈≈.##....##.)≈≈###≈≈≈..)...
......≈≈..#...###.t###8##≈≈......
.≈.....≈......##.≈###≈≈≈≈≈≈≈.....
.≈≈....≈≈.....##@## ≈≈≈≈≈≈≈≈.)...
..≈≈....≈≈.......# ≈≈≈≈≈≈≈≈#≈....
..........#....≈## ≈≈≈≈≈≈≈≈##....
....≈.....##.≈≈≈# ≈≈≈≈≈≈≈$8#≈...
.....#....#...≈≈## )≈≈≈≈≈≈≈##≈≈..
.....##..###..≈≈≈# ≈≈≈≈≈≈##≈≈≈≈.
..≈.###...##..≈≈≈## (≈≈≈ ##≈≈≈.≈
≈...###.....≈≈≈≈≈≈## ##≈≈≈≈≈≈
≈≈≈.....((≈≈≈(≈≈≈≈≈### ###≈≈≈≈≈≈≈


You could see an alligator snapping turtle.

Vanquished Creatures
  Rupert (Lair:6)
  An orc warlord (D:9)
  The ghost of poirepourri the Severer, a journeyman MiFi of Qazlal (Lair:6)
  Snorg (Orc:2)
  2 ettins
  3 merfolk impalers (Shoals:2)
  3 hydras
  Harold (Lair:2)
  A catoblepas (Shoals:1)
  A satyr (Shoals:2)
  Erica (Lair:2)
  A merfolk aquamancer (Shoals:1)
  Urug (Lair:5)
  11 death yaks
  4 orc high priests (Orc:2)
  A fire crab (Lair:6)
  5 sea snakes
  9 orc knights
  6 harpies
  2 wolf spiders
  10 griffons
  7 fauns
  2 cyclopes
  3 oklob plants
  7 manticores
  7 sirens
  6 orc sorcerers
  Maurice (Orc:2)
  3 elephants
  A guardian serpent (Lair:6)
  A torpor snail (Lair:6)
  12 black mambas
  18 spiny frogs
  A rime drake (Lair:2)
  6 komodo dragons
  15 merfolk
  A two-headed ogre (Orc:1)
  4 trolls
  A jumping spider (Lair:4)
  2 snapping turtles
  19 blink frogs
  A redback (Lair:4)
  Eustachio (D:4)
  2 water elementals
  6 wyverns
  35 yaks
  6 basilisks
  2 hungry ghosts (D:8)
  7 hippogriffs
  Menkaure (D:4)
  12 wargs
  22 water moccasins
  11 porcupines
  2 sky beasts
  26 orc warriors
  4 wasps (Lair:6)
  An ice beast (D:7)
  8 ogres
  12 wolves
  4 centaurs
  7 crocodiles
  3 big kobolds (D:9)
  10 giant frogs
  2 wyvern skeletons
  A scorpion (D:6)
  3 wights
  2 electric eels (Lair:4)
  A howler monkey (D:6)
  4 crimson imps
  2 centaur zombies
  A quasit (D:7)
  35 orc priests
  A jelly (D:5)
  4 hounds
  23 orc wizards
  A giant frog skeleton (D:6)
  11 iguanas
  14 worker ants
  12 hell rats
  12 sheep
  A howler monkey zombie (D:8)
  16 adders
  6 gnolls
  58 river rats
  2 shadow imps
  2 oozes
  2 adder skeletons
  A dart slug (D:2)
  3 giant geckos
  59 orcs
  6 ball pythons
  5 giant cockroaches
  10 goblins
  6 hobgoblins
  8 jackals
  2 quokkas
  8 bats
  A giant gecko skeleton (D:7)
  6 giant newts
  5 kobolds (D:1)
  14 rats
  A butterfly (Lair:5)
  2 fungi
  9 plants
728 creatures vanquished.

Vanquished Creatures (others)
  60 ball lightnings
  55 bushes (Lair:6)
  34 fungi
  57 plants
206 creatures vanquished.

Grand Total: 934 creatures vanquished

Notes
Turn   | Place    | Note
-------+----------+-------------------------------------------
     0 | D:1      | nubinia the Tengu Air Elementalist began the quest for the Orb.
     0 | D:1      | Reached XP level 1. HP: 10/10 MP: 4/4
   289 | D:1      | Reached XP level 2. HP: 15/15 MP: 1/6
   293 | D:1      | Learned a level 2 spell: Repel Missiles
   341 | D:1      | Learned a level 2 spell: Swiftness
   812 | D:1      | Reached XP level 3. HP: 17/19 MP: 5/7
  1305 | D:2      | Found an ancient bone altar of Kikubaaqudgha.
  1570 | D:2      | Found a radiant altar of Vehumet.
  1582 | D:2      | Found an iron altar of Okawaru.
  1585 | D:2      | Reached skill level 5 in Air Magic
  1619 | D:2      | Became a worshipper of Vehumet
  1939 | D:2      | Found an oddly glowing altar of Pakellas.
  2195 | D:3      | Reached XP level 4. HP: 24/24 MP: 8/8
  2410 | D:3      | Found a snail-covered altar of Cheibriados.
  2973 | D:4      | Found Xoagov's Book Emporium.
  2974 | D:4      | Reached * piety under Vehumet
  2974 | D:4      | Offered knowledge of Freeze by Vehumet.
  3007 | D:4      | Noticed Menkaure
  3274 | D:4      | Noticed a sky beast
  3285 | D:4      | HP: 1/24 [sky beast (6)]
  3292 | D:4      | Killed a sky beast
  3292 | D:4      | Reached skill level 1 in Short Blades
  3292 | D:4      | Gained mutation: You can fly. [Tengu growth]
  3292 | D:4      | Reached XP level 5. HP: 1/28 MP: 8/10
  3601 | D:4      | Reached XP level 6. HP: 33/33 MP: 6/11
  3611 | D:4      | Found Ogyd's General Store.
  3656 | D:4      | Found Zivarch's Book Boutique.
  3853 | D:4      | Found Loniytt's Distillery.
  3872 | D:4      | Learned a level 3 spell: Static Discharge
  3889 | D:4      | Noticed Eustachio
  3906 | D:4      | Killed Eustachio
  3906 | D:4      | Reached skill level 6 in Air Magic
  3906 | D:4      | Reached XP level 7. HP: 37/37 MP: 3/13
  3912 | D:4      | Found a stormy altar of Qazlal.
  3923 | D:4      | Found Hyomed's Magic Scroll Shoppe.
  4074 | D:5      | Entered Level 5 of the Dungeon
  4091 | D:5      | Reached skill level 1 in Fighting
  4121 | D:5      | Noticed a troll
  4394 | D:5      | Reached XP level 8. HP: 40/43 MP: 10/15
  5066 | D:6      | Reached skill level 5 in Conjurations
  5066 | D:6      | Reached skill level 7 in Air Magic
  5123 | D:6      | Found Koextaji's Magic Scroll Boutique.
  5583 | D:6      | Reached skill level 5 in Spellcasting
  5903 | D:6      | Reached ** piety under Vehumet
  5903 | D:6      | Offered knowledge of Searing Ray by Vehumet.
  6061 | D:6      | Reached skill level 8 in Air Magic
  6130 | D:7      | Found Nobar's Magic Scroll Shoppe.
  6217 | D:8      | Reached XP level 9. HP: 47/47 MP: 3/18
  6882 | D:7      | Found a staircase to the Ecumenical Temple.
  7010 | D:7      | Found a shattered altar of Ashenzari.
  7109 | D:8      | Reached skill level 5 in Dodging
  7573 | D:9      | Learned a level 2 spell: Searing Ray
  7599 | D:9      | Found a hazy altar of Hepliaklqana.
  7619 | D:9      | Offered knowledge of Conjure Flame by Vehumet.
  7625 | D:9      | Learned a level 3 spell: Conjure Flame
  7637 | D:9      | Reached skill level 9 in Air Magic
  7647 | D:9      | Reached *** piety under Vehumet
  8272 | D:9      | Gained mutation: You can translocate small distances at will. [potion of mutation]
  8272 | D:9      | Gained mutation: You are partially covered in rough black scales. (AC +2, Dex -1) [potion of mutation]
  8272 | D:9      | Gained mutation: You are resistant to hostile enchantments. (MR+) [potion of mutation]
  8299 | D:9      | Found a staircase to the Lair.
  8425 | D:9      | Found a staircase to the Orcish Mines.
  8490 | D:9      | Reached XP level 10. HP: 45/53 MP: 17/21
  8630 | D:9      | Found an opulent altar of Gozag.
  8697 | D:9      | Reached skill level 1 in Fire Magic
  8697 | D:9      | Offered knowledge of Airstrike by Vehumet.
  8703 | D:9      | Learned a level 4 spell: Airstrike
  8747 | D:9      | Noticed a three-headed hydra
  8774 | D:9      | Killed a three-headed hydra
  8774 | D:9      | Reached skill level 1 in Shields
  8774 | D:9      | Reached skill level 10 in Air Magic
  8886 | D:9      | Got a transparent halberd
  9162 | D:4      | Bought a scroll of identify for 20 gold pieces
  9162 | D:4      | Bought a scroll of identify for 20 gold pieces
  9162 | D:4      | Bought a scroll of identify for 20 gold pieces
  9163 | D:4      | Identified the +3 halberd of Valour {venom, rElec MR+} (You found it on level 9 of the Dungeon)
  9176 | D:4      | Learned a level 5 spell: Lightning Bolt
  9329 | Orc:1    | Entered Level 1 of the Orcish Mines
  9720 | D:9      | Reached skill level 5 in Stealth
  9800 | Orc:1    | Noticed an orc sorcerer
  9834 | Orc:1    | Noticed an orc warlord
  9872 | Lair:1   | Entered Level 1 of the Lair of Beasts
  9923 | Lair:1   | Noticed a spiny frog
  9984 | Lair:1   | Noticed a spiny frog
  9997 | Lair:1   | Killed a spiny frog
  9997 | Lair:1   | Reached skill level 1 in Polearms
 10040 | Lair:1   | Got a polished trident
 10151 | D:6      | Bought a scroll of identify for 22 gold pieces
 10151 | D:6      | Bought a scroll of identify for 22 gold pieces
 10151 | D:6      | Bought a scroll of identify for 22 gold pieces
 10151 | D:6      | Identified the +11 trident "Goblinslayer" {pierce, rElec rPois rC+ Dex+9} (You found it on level 1 of the Lair of Beasts)
 10356 | Lair:1   | Reached **** piety under Vehumet
 10356 | Lair:1   | Reached XP level 11. HP: 54/60 MP: 24/24
 10430 | Lair:1   | Offered knowledge of Force Lance by Vehumet.
 10436 | Lair:1   | Learned a level 4 spell: Force Lance
 10730 | Lair:1   | Reached skill level 11 in Air Magic
 11172 | Lair:1   | Upgraded the game from 0.19-a0-1051-gdb7e7f8 to 0.19-a0-1057-g15bb84d
 11252 | Lair:2   | Noticed a death yak
 11361 | Lair:2   | Noticed a death yak
 11362 | Lair:2   | Noticed a death yak
 11460 | Lair:2   | Noticed Erica
 11475 | Lair:2   | Killed Erica
 11580 | Lair:2   | Noticed a death yak
 11587 | Lair:2   | Noticed a death yak
 11627 | Lair:1   | Killed a death yak
 11627 | Lair:1   | Reached skill level 12 in Air Magic
 12135 | Lair:1   | Killed a death yak
 12135 | Lair:1   | Reached XP level 12. HP: 45/65 MP: 26/26
 12621 | Lair:2   | Noticed Harold
 12636 | Lair:2   | Killed Harold
 12636 | Lair:2   | Reached skill level 10 in Spellcasting
 12720 | Lair:2   | Reached ***** piety under Vehumet
 12723 | Lair:2   | Offered knowledge of Olgreb's Toxic Radiance by Vehumet.
 12779 | Lair:2   | HP: 3/66 [death yak (21)]
 13249 | Lair:3   | Reached skill level 1 in Charms
 13838 | Lair:3   | Reached skill level 13 in Air Magic
 14241 | Lair:3   | Learned a level 3 spell: Ozocubu's Armour
 14395 | Lair:3   | Got a transparent hat
 14410 | Lair:3   | Reached skill level 1 in Ice Magic
 14551 | Lair:3   | Identified the +1 hat of a volcano {Int+7} (You found it on level 3 of the Lair of Beasts)
 14989 | Lair:4   | Found a blossoming altar of Fedhas.
 15799 | Lair:4   | Found a hole to the Spider Nest.
 16054 | Lair:4   | Reached XP level 13. HP: 62/70 MP: 1/28
 16073 | Lair:4   | Found a staircase to the Shoals.
 16308 | Lair:5   | Found a staircase to the Slime Pits.
 16308 | Lair:5   | Found a viscous altar of Jiyva.
 16313 | Lair:5   | Noticed Urug
 16367 | Lair:5   | Killed Urug
 16646 | Lair:5   | Reached skill level 14 in Air Magic
 16650 | Lair:5   | Offered knowledge of Bolt of Magma by Vehumet.
 16995 | Lair:5   | Learned a level 5 spell: Bolt of Magma
 17052 | Lair:5   | Reached skill level 5 in Polearms
 17351 | Lair:6   | Entered Level 6 of the Lair of Beasts
 18190 | Lair:6   | Noticed Rupert
 18294 | Lair:6   | Reached skill level 1 in Translocations
 18359 | Lair:6   | Noticed poirepourri's ghost (journeyman MiFi)
 18391 | Lair:6   | Killed poirepourri's ghost
 19071 | Lair:6   | Offered knowledge of Irradiate by Vehumet.
 19083 | Lair:6   | Reached skill level 15 in Air Magic
 19277 | Lair:6   | Gained mutation: You can fly continuously. [Tengu growth]
 19277 | Lair:6   | Reached XP level 14. HP: 76/76 MP: 7/31
 19830 | Lair:6   | Reached skill level 5 in Fighting
 20100 | Lair:6   | Killed Rupert
 20671 | D:4      | Bought a scroll of acquirement for 520 gold pieces
 20706 | D:4      | Found Ogyd's General Store.
 20709 | D:4      | Killed Menkaure
 20788 | D:4      | Found Loniytt's Distillery.
 20825 | D:4      | Found Xoagov's Book Emporium.
 20911 | D:4      | Found a stormy altar of Qazlal.
 20968 | D:4      | Found Zivarch's Book Boutique.
 21382 | D:9      | Killed an orc warlord
 21510 | D:9      | Offered knowledge of Conjure Ball Lightning by Vehumet.
 21574 | D:9      | Learned a level 6 spell: Conjure Ball Lightning
 22118 | Orc:1    | Found Ywnolek's Food Shop.
 22575 | Orc:1    | Reached skill level 5 in Shields
 22775 | Orc:1    | Found a roughly hewn altar of Beogh.
 22879 | Orc:1    | Reached skill level 16 in Air Magic
 23006 | Orc:2    | Entered Level 2 of the Orcish Mines
 23316 | Orc:2    | Noticed Maurice
 23321 | Orc:2    | Killed Maurice
 23321 | Orc:2    | Reached skill level 10 in Conjurations
 23355 | Orc:2    | Found a staircase to the Elven Halls.
 23374 | Orc:2    | Noticed Snorg
 23386 | Orc:2    | Killed Snorg
 23430 | Orc:2    | Reached XP level 15. HP: 72/84 MP: 23/32
 23994 | Orc:2    | Paralysed by an orc sorcerer for 6 turns
 24223 | Orc:1    | Offered knowledge of Bolt of Fire by Vehumet.
 24654 | Orc:2    | Found Gialegedgh's Assorted Antiques.
 24654 | Orc:2    | Found Pomu's Gadget Boutique.
 24655 | Orc:2    | Found Qofidgh's Book Boutique.
 24658 | Orc:2    | Found Beusomat's Gadget Shop.
 24868 | Orc:2    | Bought a brightly glowing falchion for 200 gold pieces
 24868 | Orc:2    | Bought a distressingly furry ring mail for 225 gold pieces
 24868 | Orc:2    | Identified the +5 falchion "Ytele" {slice, MR+ Int+3 Dex-5 Stlth+} (You bought it in a shop on level 2 of the Orcish Mines)
 24869 | Orc:2    | Identified the +1 ring mail "Uruedgh" {Str+2 Dex+2} (You bought it in a shop on level 2 of the Orcish Mines)
 25102 | Shoals:1 | Entered Level 1 of the Shoals
 26203 | Shoals:1 | Reached skill level 10 in Dodging
 26814 | Shoals:2 | Offered knowledge of Delayed Fireball by Vehumet.
 26938 | Shoals:2 | Noticed Polyphemus
 26941 | Shoals:2 | HP: 2/84 [drowned by a drowned soul[a merfolk avatar] (15)]
 27715 | Shoals:2 | Reached skill level 17 in Air Magic
 28157 | Shoals:2 | Reached XP level 16. HP: 89/89 MP: 34/34
 28271 | Lair:3   | Learned a level 6 spell: Deflect Missiles
 28800 | Shoals:2 | Annihilated by an alligator snapping turtle

Vault maps used:
D:1:      evilmike_arrival_plus
D:2:      lemuel_crystal_altar, grunt_temple_overflow_open,
          minmay_misc_feat_encased, grunt_pakellas_basics
D:3:      cheibriados_altar_1, first_bread
D:4:      grunt_qazlal_clouds, serial_shops, nicolae_shop_stone,
          nicolae_shop_temple_entry_statues_fountains, nicolae_shop_statue_plus,
          shop, shop, uniq_eustachio, uniq_menkaure
D:6:      serial_shops, shop, serial_column_ruins, column_ruins_open_tiny,
          column_ruins_open_medium, column_ruins_open_small,
          column_ruins_open_tiny, column_ruins_columns_dead_end,
          grunt_decor_one_mirror, serial_park_tiny_1
D:7:      kennysheep_mini, serial_shops, kennysheep_mini_moat
D:9:      lemuel_crystal_altar, lemuel_round_altar, dpeg_oklobed_lair,
          david_orc_1_choice, serial_curves, eino_curves_01, eino_curves_03,
          hangedman_ranch, corexii_leaking_fountain
Lair:1:   st_stairs_8
Lair:2:   grunt_forest_large_clearings, uniq_erica, uniq_harold
Lair:3:   serial_bayou_pond_d, beast_lair_carwin_3
Lair:4:   minmay_shoals_entry_lonely_mermaid, spider_nest_entry_funnel_web,
          lemuel_oklob_altar, serial_bayou_shore_a, lemuel_fruit_tree,
          serial_bayou_shore_b, bh_autumn_forest_stairs
Lair:5:   slime_altar_1, minmay_lair_oklob_bushes, serial_bayou_shore_b,
          infiniplex_staircase_pool, grunt_megastairs_2, lemuel_fruit_fields,
          uniq_urug
Lair:6:   hangedman_lair_tendril_chambers, minmay_hedge_maze, uniq_rupert
Shoals:2: cheibrodos_shoals_roost, serial_shops, nicolae_shop_waterfront,
          uniq_polyphemus
Orc:1:    basic_altar, guppyfry_orc_lava_fort
Orc:2:    st_orc_mages, uniq_snorg, uniq_maurice

Skill      XL: |  1  2  3  4  5  6  7  8  9 10 11 12 13 14 15 16 |
---------------+-------------------------------------------------+-----
Air Magic      | 5 6 8 9 10 12 13 15 16 17 | 17.3
Conjurations   | 2 3 4 5 7 9 10 | 10.3
Short Blades   | 1 2 |  2.5
Dodging        | 3 4 6 7 8 9 10 | 10.3
Spellcasting   | 3 4 5 7 8 9 10 12 13 14 | 14.0
Stealth        | 3 4 5 6 |  6.5
Fighting       | 1 3 4 5 6 |  6.2
Fire Magic     | 4 |  4.1
Shields        | 1 2 3 5 7 |  7.7
Polearms       | 1 3 4 5 7 |  7.4
Charms         | 3 |  3.9
Ice Magic      | 2 3 |  3.7
Translocations | 1 |  1.6
Evocations     | |  0.4

Action                   |  1- 3 |  4- 6 |  7- 9 | 10-12 | 13-15 | 16-18 || total
-------------------------+-------+-------+-------+-------+-------+-------++-------
Melee: Dagger            |    31 |    47 |   102 |    21 |       |       ||   201
       Peck              |     4 |     5 |    17 |    50 |   184 |     6 ||   266
       Kick              |     7 |    13 |    28 |   106 |   292 |     8 ||   454
       Halberd           |       |       |       |    49 |       |       ||    49
       Trident           |       |       |       |   350 |   940 |    36 ||  1326
 Cast: Shock             |    64 |    49 |   271 |   124 |    74 |       ||   582
       Repel Missiles    |     2 |       |     1 |       |     2 |       ||     5
       Swiftness         |       |     1 |     1 |     3 |     4 |       ||     9
       Static Discharge  |       |       |     4 |     3 |     1 |       ||     8
       Lightning Bolt    |       |       |       |     5 |    15 |     1 ||    21
       Airstrike         |       |       |       |   137 |   336 |    12 ||   485
       Conjure Flame     |       |       |       |     5 |     6 |       ||    11
       Force Lance       |       |       |       |     8 |    41 |     5 ||    54
       Ozocubu's Armour  |       |       |       |       |    73 |     5 ||    78
       Bolt of Magma     |       |       |       |       |     3 |       ||     3
       Conjure Ball Ligh |       |       |       |       |    21 |     3 ||    24
       Deflect Missiles  |       |       |       |       |       |     2 ||     2
 Abil: Fly               |       |     1 |    23 |    53 |    25 |       ||   102
       Blink             |       |       |       |       |     3 |       ||     3
       Stop Flying       |       |       |       |       |     1 |       ||     1
Evoke: Wand              |       |       |       |     1 |     4 |       ||     5
  Use: Scroll            |     3 |     5 |     7 |    17 |    19 |     1 ||    52
       Potion            |       |     1 |     1 |     2 |     6 |     1 ||    11
 Stab: Sleeping          |     3 |     3 |     1 |     5 |     3 |       ||    15
       Distracted        |       |       |       |     2 |     6 |       ||     8
       Invisible         |       |       |       |       |     1 |       ||     1
  Eat: Chunk             |     5 |     5 |    19 |    55 |    87 |     1 ||   172
Armor: Robe              |     7 |     1 |     9 |    24 |    62 |     3 ||   106
Dodge: Dodged            |    22 |    33 |   130 |   289 |   628 |    79 ||  1181
       Deflected         |     1 |     1 |     6 |     2 |     9 |    10 ||    29
Block: Buckler           |       |       |    10 |    87 |   150 |       ||   247
       Shield            |       |       |       |       |   253 |    56 ||   309
